TOP OF THE 1ST |
Tampa Bay Rays batting - Pitching for Texas Rangers : LHP Jose Quintana
|
Pitching: LHP Jose Quintana
|
|
Batting: RHB Buster Posey
|
0-0: Ball 1-0: Ground out 4-3 (Groundball, 4, EV 86.3 MPH)
|
Batting: RHB DJ LeMahieu
|
0-0: SINGLE (Groundball, 34D, EV 106.9 MPH)
|
Batting: SHB Aaron Hicks
|
0-0: Ball 1-0: Swinging Strike 1-1: Swinging Strike 1-2: Foul Ball, location: 2F 1-2: Foul Ball, location: 2F 1-2: Foul Ball, location: 2F 1-2: Grounds into double play, 6-4-3 (Groundball, 6MD, EV 87.5 MPH)
|
Top of the 1st over - 0 runs, 1 hit, 0 errors, 0 left on base; Tampa Bay 0 - Texas 0 |
BOTTOM OF THE 1ST |
Texas Rangers batting - Pitching for Tampa Bay Rays : RHP Carlos Carrasco
|
Pitching: RHP Carlos Carrasco
|
|
Batting: LHB Ender Inciarte
|
0-0: Called Strike 0-1: Foul Ball, location: 2F 0-2: Ball 1-2: Ball 2-2: Ball 3-2: Foul Ball, location: 2F 3-2: Ground out U3 (Groundball, 3, EV 84.4 MPH)
|
Batting: SHB Cesar Hernandez
|
0-0: Called Strike 0-1: Ball 1-1: Swinging Strike 1-2: Strikes out looking
|
Batting: LHB Bryce Harper
|
0-0: Ball 1-0: SOLO HOME RUN (Flyball, 78XD, EV 99.4 MPH), Distance : 402 ft
|
Batting: LHB Eric Thames
|
0-0: Ball 1-0: Called Strike 1-1: Foul Ball, location: 2F 1-2: Ball 2-2: Strikes out swinging
|
Bottom of the 1st over - 1 run, 1 hit, 0 errors, 0 left on base; Tampa Bay 0 - Texas 1 |
TOP OF THE 2ND |
Tampa Bay Rays batting - Pitching for Texas Rangers : LHP Jose Quintana
|
Batting: RHB Xander Bogaerts
|
0-0: SINGLE (Line Drive, 7S, EV 92.5 MPH)
|
Batting: LHB Michael Conforto
|
0-0: Foul Ball, location: 2F 0-1: Ball 1-1: Ball 2-1: Called Strike 2-2: Ball 3-2: Base on Balls Xander Bogaerts to second
|
Batting: RHB Nelson Cruz
|
0-0: Swinging Strike 0-1: Foul Ball, location: 2F 0-2: Foul Ball, location: 2F 0-2: Ball 1-2: Strikes out looking
|
Batting: LHB Rafael Devers
|
0-0: Swinging Strike 0-1: Ball 1-1: Fly out, F8 (Flyball, 89XD, EV 93.8 MPH)
|
Batting: RHB Miguel Cabrera
|
0-0: Called Strike 0-1: Ball 1-1: Foul Ball, location: 2F 1-2: Foul Ball, location: 2F 1-2: Foul Ball, location: 2F 1-2: SINGLE (Line Drive, 89S, EV 95.6 MPH) Xander Bogaerts to third Michael Conforto to second
|
Batting: RHB Marcell Ozuna
|
0-0: Ball 1-0: Called Strike 1-1: Swinging Strike 1-2: Foul Ball, location: 2F 1-2: Fly out, F7 (Flyball, 7LS, EV 84.4 MPH)
|
Top of the 2nd over - 0 runs, 2 hits, 0 errors, 3 left on base; Tampa Bay 0 - Texas 1 |
BOTTOM OF THE 2ND |
Texas Rangers batting - Pitching for Tampa Bay Rays : RHP Carlos Carrasco
|
Batting: LHB Joc Pederson
|
0-0: Called Strike 0-1: Ball 1-1: Swinging Strike 1-2: Foul Ball, location: 2F 1-2: Strikes out swinging
|
Batting: RHB Andrelton Simmons
|
0-0: Swinging Strike 0-1: Ball 1-1: Swinging Strike 1-2: Ball 2-2: Foul Ball, location: 2F 2-2: Foul Ball, location: 2F 2-2: Foul Ball, location: 2F 2-2: Foul Ball, location: 2F 2-2: Foul Ball, location: 2F 2-2: Ball 3-2: Base on Balls
|
Batting: LHB Max Muncy
|
0-0: Called Strike 0-1: Called Strike 0-2: Fly out, F9 (Flyball, 9, EV 93.1 MPH)
|
Batting: RHB Wilson Ramos
|
0-0: Called Strike Andrelton Simmons steals 2nd base 0-1: SINGLE (Groundball, 6D, EV 98.8 MPH) Andrelton Simmons to third
|
Batting: LHB Luis Guillorme
|
0-0: Fly out, F8 (Flyball, 8LS, EV 83.8 MPH)
|
Bottom of the 2nd over - 0 runs, 1 hit, 0 errors, 2 left on base; Tampa Bay 0 - Texas 1 |
TOP OF THE 3RD |
Tampa Bay Rays batting - Pitching for Texas Rangers : LHP Jose Quintana
|
Batting: RHB Buster Posey
|
0-0: Swinging Strike 0-1: Ball 1-1: DOUBLE (Groundball, 3L, EV 95.0 MPH)
|
Batting: RHB DJ LeMahieu
|
0-0: Ball 1-0: Fly out, F8 (Flyball, 8LD, EV 81.3 MPH)
|
Batting: SHB Aaron Hicks
|
0-0: Ball 1-0: Called Strike 1-1: Ground out 4-3 (Groundball, 4M, EV 103.1 MPH) Buster Posey to third
|
Batting: RHB Xander Bogaerts
|
0-0: Called Strike 0-1: Ground out 6-3 (Groundball, 6D, EV 84.4 MPH)
|
Top of the 3rd over - 0 runs, 1 hit, 0 errors, 1 left on base; Tampa Bay 0 - Texas 1 |
BOTTOM OF THE 3RD |
Texas Rangers batting - Pitching for Tampa Bay Rays : RHP Carlos Carrasco
|
Batting: LHB Ender Inciarte
|
0-0: Ball 1-0: Reached on error, E2 (Groundball, 15S, EV 61.9 MPH)
|
Batting: SHB Cesar Hernandez
|
0-0: Ball 1-0: Ball 2-0: Ground out 6-3 (Groundball, 6, EV 86.9 MPH)
|
Batting: LHB Bryce Harper
|
0-0: Called Strike 0-1: Foul Ball, location: 2F 0-2: Ball 1-2: Ball 2-2: Ball 3-2: 2-RUN HOME RUN (Flyball, 7LD, EV 95.6 MPH), Distance : 357 ft
|
Batting: LHB Eric Thames
|
0-0: Foul Ball, location: 2F 0-1: Ball 1-1: Ball 2-1: Ball 3-1: Fly out, F7 (Flyball, 7S, EV 89.4 MPH)
|
Batting: LHB Joc Pederson
|
0-0: Fly out, F7 (Flyball, 78M, EV 83.8 MPH)
|
Bottom of the 3rd over - 2 runs, 1 hit, 1 error, 0 left on base; Tampa Bay 0 - Texas 3 |
TOP OF THE 4TH |
Tampa Bay Rays batting - Pitching for Texas Rangers : LHP Jose Quintana
|
Batting: LHB Michael Conforto
|
0-0: SINGLE (Line Drive, 4D, EV 105.6 MPH)
|
Batting: RHB Nelson Cruz
|
0-0: Foul Ball, location: 2F 0-1: Ball 1-1: Ball 2-1: Ball 3-1: Fly out, F7 (Flyball, 7, EV 94.4 MPH)
|
Batting: LHB Rafael Devers
|
0-0: Fly out, F9 (Flyball, 9LDF, EV 91.9 MPH)
|
Batting: RHB Miguel Cabrera
|
0-0: Ball 1-0: Swinging Strike 1-1: Ball 2-1: Called Strike 2-2: Foul Ball, location: 2F 2-2: Strikes out swinging
|
Top of the 4th over - 0 runs, 1 hit, 0 errors, 1 left on base; Tampa Bay 0 - Texas 3 |
BOTTOM OF THE 4TH |
Texas Rangers batting - Pitching for Tampa Bay Rays : RHP Carlos Carrasco
|
Batting: RHB Andrelton Simmons
|
0-0: Called Strike 0-1: Ground out 5-3 (Groundball, 5, EV 81.9 MPH)
|
Batting: LHB Max Muncy
|
0-0: Called Strike 0-1: Foul Ball, location: 2F 0-2: Strikes out looking
|
Batting: RHB Wilson Ramos
|
0-0: Ball 1-0: Swinging Strike 1-1: Ground out 6-3 (Groundball, 6, EV 102.5 MPH)
|
Bottom of the 4th over - 0 runs, 0 hits, 0 errors, 0 left on base; Tampa Bay 0 - Texas 3 |
TOP OF THE 5TH |
Tampa Bay Rays batting - Pitching for Texas Rangers : LHP Jose Quintana
|
Batting: RHB Marcell Ozuna
|
0-0: Ball 1-0: Ball 2-0: Called Strike 2-1: SOLO HOME RUN (Line Drive, 78XD, EV 104.4 MPH), Distance : 400 ft
|
Batting: RHB Buster Posey
|
0-0: Called Strike 0-1: Ball 1-1: Ball 2-1: Ball 3-1: Base on Balls
|
Batting: RHB DJ LeMahieu
|
0-0: Ball 1-0: Ball 2-0: Foul Ball, location: 2F 2-1: SINGLE (Line Drive, 89S, EV 113.8 MPH) Buster Posey to second Runner from 2nd tries for 3rd, SAFE, no throw by RF
|
Batting: SHB Aaron Hicks
|
0-0: Called Strike 0-1: Ball 1-1: Fly out, F8 (Flyball, 8RD, EV 104.4 MPH) Runner from 3rd tags up, SCORES, throw by CF
|
Batting: RHB Xander Bogaerts
|
0-0: Called Strike 0-1: Fly out, F7 (Line Drive, 7, EV 107.5 MPH)
|
Batting: LHB Michael Conforto
|
0-0: Called Strike 0-1: Swinging Strike 0-2: Strikes out swinging
|
Top of the 5th over - 2 runs, 2 hits, 0 errors, 1 left on base; Tampa Bay 2 - Texas 3 |
BOTTOM OF THE 5TH |
Texas Rangers batting - Pitching for Tampa Bay Rays : RHP Carlos Carrasco
|
Batting: LHB Luis Guillorme
|
0-0: Foul Ball, location: 2F 0-1: Ground out 5-3 (Groundball, 56, EV 87.5 MPH)
|
Batting: LHB Ender Inciarte
|
0-0: Ball 1-0: Called Strike 1-1: Swinging Strike 1-2: Strikes out looking
|
Batting: SHB Cesar Hernandez
|
0-0: Bunt for hit to 23 - play at first, batter OUT! 3-4
|
Bottom of the 5th over - 0 runs, 0 hits, 0 errors, 0 left on base; Tampa Bay 2 - Texas 3 |
TOP OF THE 6TH |
Tampa Bay Rays batting - Pitching for Texas Rangers : LHP Jose Quintana
|
Batting: RHB Nelson Cruz
|
0-0: Ball 1-0: Ground out 6-3 (Groundball, 56, EV 85.0 MPH)
|
Batting: LHB Rafael Devers
|
0-0: Called Strike 0-1: Foul Ball, location: 2F 0-2: Ball 1-2: SINGLE (Line Drive, 8RS, EV 102.5 MPH)
|
Batting: RHB Miguel Cabrera
|
0-0: Foul Ball, location: 2F 0-1: Ball 1-1: DOUBLE (Line Drive, 8LXD, EV 110.6 MPH) Rafael Devers to third Runner from 3rd tries for Home, SAFE, throw by CF to home
|
Batting: RHB Marcell Ozuna
|
0-0: Ball 1-0: Ground out 6-3 (Groundball, 6D, EV 100.0 MPH)
|
Batting: RHB Buster Posey
|
0-0: Ball Passed Ball! Miguel Cabrera to third 1-0: Ball 2-0: SINGLE (Groundball, 56D, EV 96.9 MPH) Miguel Cabrera scores
|
Batting: RHB DJ LeMahieu
|
0-0: Called Strike 0-1: Ball 1-1: Foul Ball, location: 2F 1-2: Strikes out swinging
|
Top of the 6th over - 2 runs, 3 hits, 0 errors, 1 left on base; Tampa Bay 4 - Texas 3 |
BOTTOM OF THE 6TH |
Texas Rangers batting - Pitching for Tampa Bay Rays : RHP Carlos Carrasco
|
Batting: LHB Bryce Harper
|
0-0: Called Strike 0-1: Swinging Strike 0-2: Strikes out swinging
|
Batting: LHB Eric Thames
|
0-0: Called Strike 0-1: Ball 1-1: Swinging Strike 1-2: Ball 2-2: Ball 3-2: Base on Balls
|
Batting: LHB Joc Pederson
|
0-0: Ball 1-0: Ball 2-0: Ball 3-0: Called Strike 3-1: Foul Ball, location: 2F 3-2: Foul Ball, location: 2F 3-2: Base on Balls Eric Thames to second
|
Batting: RHB Andrelton Simmons
|
0-0: Ball 1-0: Ground out 5-3 (Groundball, 5, EV 100.6 MPH) Eric Thames to third Joc Pederson to second
|
Batting: LHB Max Muncy
|
0-0: Ball 1-0: Called Strike 1-1: Ball 2-1: Foul Ball, location: 2F 2-2: Ball 3-2: Base on Balls
|
Pitching: RHP Juan Nicasio
|
|
Batting: RHB Wilson Ramos
|
0-0: Ball 1-0: Ball 2-0: Called Strike 2-1: Called Strike 2-2: GRAND SLAM HOME RUN (Line Drive, 7D, EV 96.3 MPH), Distance : 385 ft
|
Batting: LHB Luis Guillorme
|
0-0: Called Strike 0-1: Ball 1-1: Fly out, F8 (Flyball, 8LD, EV 91.3 MPH)
|
Bottom of the 6th over - 4 runs, 1 hit, 0 errors, 0 left on base; Tampa Bay 4 - Texas 7 |
TOP OF THE 7TH |
Tampa Bay Rays batting - Pitching for Texas Rangers : LHP Jose Quintana
|
Pitching: LHP Tim Mayza
|
|
Batting: SHB Aaron Hicks
|
0-0: Ball 1-0: Foul Ball, location: 2F 1-1: Ground out 4-3 (Groundball, 4, EV 86.9 MPH)
|
Batting: RHB Xander Bogaerts
|
0-0: Foul Ball, location: 2F 0-1: Ball 1-1: Fly out, F8 (Flyball, 78M, EV 86.9 MPH)
|
Batting: LHB Michael Conforto
|
0-0: Ball 1-0: Ball 2-0: Ball 3-0: Base on Balls
|
Batting: RHB Nelson Cruz
|
0-0: Called Strike 0-1: Ball 1-1: Foul Ball, location: 2F 1-2: Foul Ball, location: 2F 1-2: Foul Ball, location: 2F 1-2: Ball 2-2: Ball 3-2: SINGLE (Line Drive, 89S, EV 107.5 MPH) Michael Conforto to second Michael Conforto to third
|
Batting: LHB Rafael Devers
|
0-0: Fly out, F7 (Flyball, 7D, EV 88.8 MPH)
|
Top of the 7th over - 0 runs, 1 hit, 0 errors, 2 left on base; Tampa Bay 4 - Texas 7 |
BOTTOM OF THE 7TH |
Texas Rangers batting - Pitching for Tampa Bay Rays : RHP Juan Nicasio
|
Batting: LHB Ender Inciarte
|
0-0: Foul Ball, location: 2F 0-1: Swinging Strike 0-2: Ball 1-2: Ball 2-2: Strikes out swinging
|
Batting: SHB Cesar Hernandez
|
0-0: Ball 1-0: Swinging Strike 1-1: Called Strike 1-2: DOUBLE (Groundball, 5L, EV 101.9 MPH)
|
Batting: LHB Bryce Harper
|
0-0: Called Strike 0-1: Ball 1-1: Ball 2-1: Ball 3-1: Base on Balls
|
Pitching: RHP Carson Smith
|
|
Batting: LHB Eric Thames
|
0-0: Ball 1-0: Called Strike 1-1: Foul Ball, location: 2F 1-2: Ball 2-2: Ball 3-2: Foul Ball, location: 2F 3-2: Foul Ball, location: 2F 3-2: Base on Balls Cesar Hernandez to third Bryce Harper to second
|
Batting: LHB Joc Pederson
|
0-0: Ball 1-0: Swinging Strike 1-1: Foul Ball, location: 2F 1-2: Ball 2-2: Ball 3-2: Foul Ball, location: 2F 3-2: SINGLE (Groundball, 4, EV 83.8 MPH) (infield hit) Cesar Hernandez scores Bryce Harper to third Eric Thames to second
|
Batting: RHB Andrelton Simmons
|
0-0: Grounds into double play, 6-4-3 (Groundball, 6, EV 98.8 MPH)
|
Bottom of the 7th over - 1 run, 2 hits, 0 errors, 2 left on base; Tampa Bay 4 - Texas 8 |
TOP OF THE 8TH |
Tampa Bay Rays batting - Pitching for Texas Rangers : LHP Tim Mayza
|
Pitching: RHP Reyes Moronta
|
|
Batting: RHB Miguel Cabrera
|
0-0: Ball 1-0: Fly out, F7 (Flyball, 7LD, EV 81.3 MPH)
|
Batting: RHB Marcell Ozuna
|
0-0: Ball 1-0: Ball 2-0: Foul Ball, location: 2F 2-1: Fly out, F8 (Flyball, 8RM, EV 94.4 MPH)
|
Batting: RHB Buster Posey
|
0-0: Ball 1-0: Ball 2-0: Foul Ball, location: 2F 2-1: Fly out, F9 (Line Drive, 9, EV 99.4 MPH)
|
Top of the 8th over - 0 runs, 0 hits, 0 errors, 0 left on base; Tampa Bay 4 - Texas 8 |
BOTTOM OF THE 8TH |
Texas Rangers batting - Pitching for Tampa Bay Rays : RHP Carson Smith
|
Pitching: RHP Chris Martin
|
|
Batting: LHB Max Muncy
|
0-0: Ball 1-0: SINGLE (Groundball, 4MS, EV 71.9 MPH) (infield hit)
|
Batting: RHB Wilson Ramos
|
0-0: Fly out, F8 (Flyball, 8RM, EV 83.8 MPH)
|
Batting: LHB Luis Guillorme
|
0-0: Ground out 4-3 (Groundball, 34D, EV 103.8 MPH) Max Muncy to second
|
Batting: LHB Ender Inciarte
|
0-0: Swinging Strike 0-1: Ball 1-1: Fly out, F7 (Flyball, 7, EV 92.5 MPH)
|
Bottom of the 8th over - 0 runs, 1 hit, 0 errors, 1 left on base; Tampa Bay 4 - Texas 8 |
TOP OF THE 9TH |
Tampa Bay Rays batting - Pitching for Texas Rangers : RHP Reyes Moronta
|
Pitching: LHP Jake Diekman
|
|
Batting: RHB DJ LeMahieu
|
0-0: Foul Ball, location: 2F 0-1: Ball 1-1: Ball 2-1: Ball 3-1: Base on Balls
|
Batting: SHB Aaron Hicks
|
0-0: Called Strike 0-1: Grounds into double play, 4-6-3 (Groundball, 4M, EV 86.9 MPH)
|
Batting: RHB Xander Bogaerts
|
0-0: Ball 1-0: Ball 2-0: Called Strike 2-1: DOUBLE (Groundball, 5L, EV 102.5 MPH)
|
Batting: LHB Michael Conforto
|
0-0: Ball 1-0: Called Strike 1-1: Foul Ball, location: 2F 1-2: Strikes out swinging
|
Top of the 9th over - 0 runs, 1 hit, 0 errors, 1 left on base; Tampa Bay 4 - Texas 8 |
|